 Dungeon Crawl Stone Soup version 0.12.2-10-g0fb3e6e (webtiles) character file.

127988 Haza the Bewitcher (level 16, -16/108 (110) HPs)
             Began as a Vampire Air Elementalist on July 8, 2013.
             Was the Champion of Nemelex Xobeh.
             Demolished by a deep elf blademaster
             ... wielding a +1,+0 elven sabre
              (23 damage)
             ... on Level 3 of the Elven Halls on July 9, 2013.
             The game lasted 07:04:43 (78286 turns).

Haza the Bewitcher (Vampire Air Elementalist)      Turns: 78286, Time: 07:04:43

HP -16/108 (110) AC  0     Str  7      XL: 16   Next: 56%
MP  31/31        EV 30     Int 17      God: Nemelex Xobeh [******]
Gold 2511        SH  0     Dex 19      Spells: 10 memorised,  1 level left

Res.Fire  : . . .   See Invis. : +   (weapon currently unavailable)
Res.Cold  : + . .   Warding    : .   v - melded +0 steam dragon armour
Life Prot.: + + .   Conserve   : .   K - melded +0 buckler {reflect}
Res.Poison: +       Res.Corr.  : .   h - melded +2 wizard hat
Res.Elec. : .       Clarity    : .   B - melded +0 cloak
Sust.Abil.: . .     Spirit.Shd : .   t - melded +0 pair of elf gloves
Res.Mut.  : .       Stasis     : .   M - melded +0 pair of boots of Beogh's Pride {Dex+3 I Res.Rott. : + Ctrl.Telep.: x z - amulet of faith Saprovore : . . . Flight : + a - melded ring of sustain abilities E - melded ring of wizardry

@: bat-form, regenerating slowly, flying, very quick, quite resistant to hostile
enchantments, extremely stealthy
A: bottle blood, (fangs 0), see invisible, (unbreathing)
a: Bottle Blood, End Transformation, Draw One, Peek at Two, Triple Draw, Deal
Four, Stack Five, Renounce Religion


You were on level 3 of the Elven Halls.
You worshipped Nemelex Xobeh.
Nemelex Xobeh was exalted by your worship.
You were very thirsty.
You were in vampire bat-form.
You visited 6 branches of the dungeon, and saw 30 of its levels.
You visited the Abyss 2 times.
You also visited: Labyrinth.

You collected 2731 gold pieces.
You spent 220 gold pieces at shops.

Inventory:

Hand weapons
 b - a +0,+4 scimitar of flaming
 A - a +4,+2 quarterstaff of chaos
Armour
 h - a +2 wizard hat (melded)
 t - a +0 pair of elven gloves (melded)
 v - a +0 steam dragon armour (melded)
 B - a +0 cloak (melded)
 J - the -3 robe "Toev" (quivered) {rF++}
   (You found it on level 6 of the Dungeon)

   It greatly protects you from fire.
 K - a +0 buckler of reflection (melded)
 M - the +0 pair of boots of Beogh's Pride (melded) {Dex+3 Int+1 Dam+4}
   (You found it on level 8 of the Lair of Beasts)

   It affects your intelligence (+1).
   It affects your dexterity (+3).
   It affects your damage-dealing abilities (+4).
Magical devices
 x - a wand of digging (8)
Scrolls
 c - 5 scrolls of identify
 e - 2 scrolls of remove curse
 r - 2 scrolls of teleportation
 s - a scroll of amnesia
Jewellery
 a - a ring of sustain abilities (melded)
 n - an uncursed ring of protection from fire
 z - an amulet of faith (around neck)
 E - a ring of wizardry (melded)
Potions
 l - 5 potions of curing
 w - a potion of blood
Magical staves
 i - an uncursed staff of power
Miscellaneous
 d - a plain deck of summonings {drawn: 4}
 f - a legendary deck of destruction {drawn: 3}
 g - a legendary deck of destruction {drawn: 1}
 j - a legendary deck of summonings {drawn: 11}
 k - a legendary deck of summonings {drawn: 1}
 o - an ornate deck of destruction {drawn: 7}
 p - an ornate deck of summonings {drawn: 4}
 q - an ornate deck of destruction {drawn: 1}
 u - a legendary deck of destruction {drawn: 1}
 y - an ornate deck of wonders
 C - a legendary deck of summonings {drawn: 1}
 D - an ornate deck of destruction
 F - a legendary deck of summonings {drawn: 1}
 G - an ornate deck of defence {drawn: 9}
 H - an ornate deck of destruction {drawn: 1}
 L - an ornate deck of destruction {drawn: 1}


   Skills:
 + Level 7.3 Fighting
   Level 3.6 Maces & Flails
   Level 0.5 Polearms
 - Level 3.6 Staves
 + Level 1.9 Armour
 + Level 9.7 Dodging
 + Level 11.2 Stealth
 - Level 1.8 Stabbing
 + Level 1.7 Shields
 + Level 7.3 Traps
 - Level 0.4 Unarmed Combat
 + Level 8.4 Spellcasting
 * Level 10.4 Conjurations
 + Level 15.5 Hexes
 + Level 7.9 Charms
 + Level 7.5 Summonings
 + Level 5.6 Translocations
 + Level 10.0 Air Magic
 + Level 6.3 Poison Magic
 + Level 11.5 Evocations


You had one spell level left.
You knew the following spells:

 Your Spells              Type           Power        Failure   Level  Hunger
a - Shock                 Conj/Air       #####        2%          1    None
b - Mephitic Cloud        Conj/Pois/Air  ######...    4%          3    #......
c - Slow                  Hex            #######..    1%          2    None
d - Blink                 Tloc           N/A          6%          2    None
e - Poisonous Cloud       Conj/Pois/Air  ######....   61%         6    ######.
f - Confuse               Hex            #######..    1%          3    #......
g - Repel Missiles        Chrm/Air       ######....   3%          2    None
h - Swiftness             Chrm/Air       ######....   3%          2    None
i - Fulminant Prism       Conj/Hex       #######..    6%          5    #####..
j - Summon Elemental      Summ           #####.....   17%         4    ###....


Dungeon Overview and Level Annotations

Branches:
Dungeon (13/27)            Temple (1/1) D:5             Orc (4/4) D:11
    Elf (3/3) Orc:3          Lair (8/8) D:12          Swamp (0/5) Lair:3
 Spider (1/5) Lair:5        Slime (0/6) Lair:8

Altars:
Ashenzari
Cheibriados
Elyvilon
Fedhas
Kikubaaqudgha
Makhleb
Nemelex Xobeh
Okawaru
Sif Muna
Trog
Vehumet
Xom
Yredelemnul
Zin
the Shining One
Beogh
Jiyva

Shops:
D:7: (!+ D:8: ! Orc:4: *[(+

Portals:
Ziggurat: D:5 (2860 gp)

Annotations
D:8 exclusion: ice statue
D:13 Ratslayer's ghost, powerful DECj
Elf:1 exclusion: door, Roxanne


Innate Abilities, Weirdness & Mutations

You heal slowly.
You can bottle blood from corpses.
((You have razor-sharp teeth.))*
You have supernaturally acute eyesight.
((You can survive without breathing.))*


Message History

Unknown command.
Unknown command.
Unknown command.
Unknown command.
Read which item? (? for menu, Esc to quit)
As you read the scroll of fear, it crumbles to dust.
You assume a fearsome visage.
The deep elf sorcerer resists.
The deep elf death mage struggles to resist.
The deep elf sorcerer easily resists.
The deep elf blademaster easily resists.
The deep elf blademaster struggles to resist.
The deep elf sorcerer gestures at you while chanting.
You resist the pull of the Abyss.
The deep elf sorcerer gestures at you while chanting.
The bolt of negative energy misses you.
The bolt of negative energy hits the deep elf blademaster.
The deep elf blademaster is drained!
The deep elf blademaster hits you with an elven sabre!
You die...
Your body disappears without a glow.

. .... ..... ...⌠..
# ##....e.. ..#
##........
....####.........
...........e...e...
.........eb....e...
#........#...#...
##......## .##
##....## # ##..##
#..# #..# #.[# #..#


You could see 2 deep elf blademasters, a deep elf death mage and 2 deep elf
sorcerers.

Vanquished Creatures
  Rupert (Lair:3)
  Gastronok (Orc:2)
  A deep elf annihilator (Elf:3)
  A dire elephant (Lair:8)
  A deep elf death mage (Elf:3)
  2 deep elf master archers (Elf:3)
  4 deep elf sorcerers (Elf:3)
  A minotaur (Lab)
  Fannar (Elf:1)
  Erica (D:12)
  Josephine (D:13)
  2 hydras
  9 death yaks
  An anaconda (Lair:8)
  2 deep elf high priests (Elf:3)
  2 orc high priests
  The ghost of foonesh the Thaumaturge, a powerful DEWz of Vehumet (D:11)
  11 deep elf knights
  Joseph (Lair:1)
  A griffon (Lair:7)
  2 orc sorcerers (Orc:4)
  4 wolf spiders (Spider:1)
  A black mamba (Lair:2)
  A polar bear (Lair:5)
  A trapdoor spider zombie (D:13)
  10 elephants
  A spiny frog (shapeshifter) (Elf:3)
  8 spiny frogs
  2 trolls
  2 wandering mushrooms (Lair:1)
  2 two-headed ogres
  9 komodo dragons
  12 blink frogs
  2 basilisks (Lair:7)
  4 jumping spiders
  2 tarantellas (Spider:1)
  A hog (Elf:2)
  29 yaks
  4 wyverns
  3 trapdoor spiders (Spider:1)
  2 steam dragons
  2 orb spiders (Spider:1)
  5 redbacks (Spider:1)
  2 fire drakes (Lair:7)
  9 deep elf conjurers
  6 deep elf summoners
  2 hungry ghosts
  6 hippogriffs
  A boulder beetle (Lair:8)
  13 deep elf fighters
  6 war dogs (Lair:7)
  A manticore (D:9)
  19 orc warriors
  6 deep elf priests
  2 ice beasts
  A manticore skeleton (D:13)
  A necrophage (D:13)
  5 sky beasts
  A small abomination (Abyss:1)
  13 ogres
  A phantom (D:6)
  4 yellow wasps
  3 giant goldfish (Lair:1)
  A boring beetle (Spider:1)
  10 deep elf magi
  13 crocodiles
  Sigmund (D:6)
  15 water moccasins
  10 centaurs
  A warg (Orc:4)
  A big kobold (Lair:6)
  25 giant frogs
  2 giant slugs (Lair:5)
  A soldier ant zombie (D:13)
  5 agate snails
  A giant frog zombie (D:8)
  29 killer bees
  A killer bee zombie (D:8)
  2 jellyfish (Lair:7)
  6 wights
  An ogre zombie (D:5)
  3 shadows
  A pulsating lump (D:9)
  6 electric eels
  12 crimson imps
  2 goliath beetles
  2 fulminant prisms
  8 hounds
  13 orc priests
  4 spiders
  Crazy Yiuf (D:3)
  10 scorpions
  9 worker ants
  13 porcupines
  13 iguanas
  27 deep elf soldiers
  16 orc wizards
  21 sheep
  4 orange rats
  A steam dragon zombie (D:10)
  Ijyb (D:2)
  A jelly (D:8)
  97 green rats
  A lemure (Elf:3)
  24 adders
  8 giant centipedes
  15 gnolls
  An iguana skeleton (D:8)
  A scorpion zombie (D:6)
  A shadow imp (D:9)
  An adder skeleton (D:5)
  2 giant mites
  9 worms
  10 ufetubi
  A bat zombie (D:6)
  An ooze (D:5)
  158 orcs
  3 ball pythons
  5 giant cockroaches
  11 hobgoblins
  16 jackals
  14 kobolds
  30 bats
  13 giant geckos
  A giant gecko zombie (D:5)
  3 giant newts
  2 giant spores
  24 goblins
  2 hobgoblin skeletons
  A hobgoblin zombie (D:5)
  18 quokkas
  33 rats
  10 ballistomycetes
  12 fungi
  6 plants
  32 toadstools (D:1)
1115 creatures vanquished.

Vanquished Creatures (collateral kills)
  Nikola (Elf:3)
  An orc warlord (Orc:3)
  3 dire elephants (Lair:8)
  A hydra (Lair:7)
  An orc high priest (Orc:3)
  The ghost of foonesh the Thaumaturge, an experienced DEWz of Vehumet (D:11)
  3 orc knights
  2 hill giants (D:12)
  3 orc sorcerers (Orc:4)
  An iron troll skeleton (Elf:3)
  An oklob plant (Lair:7)
  The ghost of foonesh the Thaumaturge, an experienced DEWz of Vehumet (D:7)
  A cyclops (D:11)
  3 black mambas
  4 elephants
  4 spiny frogs
  A hellwing (Elf:2)
  2 hill giant zombies (D:9)
  A demonic crawler (Spider:1)
  2 ugly things
  Sonja (Orc:3)
  A hill giant skeleton (D:12)
  A two-headed ogre (D:9)
  The ghost of foonesh the Magician, an experienced DEWz (D:4)
  A troll (D:12)
  2 queen bees (D:9)
  A blink frog (Lair:5)
  2 air elementals (Lair:2)
  A war dog (Lair:7)
  4 deep elf fighters (Elf:3)
  A deep elf summoner (Elf:3)
  A fire drake (Lair:3)
  12 yaks
  A hog (Lair:5)
  2 necrophages
  Edmund (D:4)
  A cyclops zombie (D:13)
  2 deep elf priests (Elf:3)
  A phantom (D:12)
  A sky beast (D:9)
  13 orc warriors
  A troll zombie (D:11)
  2 yellow wasps (Lair:8)
  4 ice beasts
  5 crocodiles
  A rotting devil (Orc:4)
  A centaur (D:8)
  A deep elf mage (Elf:3)
  Duvessa (D:4)
  A big kobold (D:12)
  2 boring beetles
  A giant frog (D:11)
  A giant frog zombie (D:9)
  2 agate snails
  A giant frog skeleton (D:10)
  A water moccasin (Lair:2)
  2 eyes of draining (D:10)
  3 jellyfish
  22 killer bees (D:9)
  6 wights
  A big fish (Lair:3)
  A shadow (D:10)
  Dowan (D:4)
  6 crimson imps
  2 goliath beetles
  A mottled dragon skeleton (D:12)
  A quasit (D:10)
  A hound (Lair:5)
  3 orc wizards (D:12)
  3 scorpions
  A worker ant (D:12)
  2 jellies
  An orange rat (Spider:1)
  3 orc priests
  2 sheep (D:12)
  An adder (D:8)
  A lemure (Elf:2)
  2 green rats (Lair:8)
  22 orcs
  3 hobgoblins
  2 kobolds
  2 quokkas
  A bat (D:7)
  3 goblins
  2 orc zombies (Orc:4)
  A rat (D:10)
215 creatures vanquished.

Vanquished Creatures (others)
  A frost giant skeleton (Elf:3)
  2 skeletal warriors
  A ball lightning (Elf:2)
  3 ugly things
  6 dancing weapons
  5 basilisks
  3 hogs (Lair:5)
  2 vampire mosquitoes
  A deep elf fighter (Elf:3)
  A deep elf summoner (Elf:2)
  4 war dogs
  A black bear (Orc:4)
  An ogre (Orc:3)
  6 yellow wasps
  4 wolves
  184 fulminant prisms
  17 killer bees
  A goliath beetle (Lair:3)
  48 crimson imps
  2 hounds
  5 spiders
  10 iron imps
  9 orange rats
  7 scorpions
  12 worker ants
  A sheep (Lair:7)
  9 shadow imps
  4 worms
  An ufetubus (Orc:3)
  23 white imps
  2 green rat skeletons (Lair:8)
  An orc (Orc:3)
  2 jackals (Lair:2)
  2 giant newts
  4 giant spores
  A kobold (D:8)
  An orc skeleton (Orc:3)
  2 quokkas
  A rat (D:5)
  5 bushes (Lair:8)
  13 fungi
  11 plants
  11 toadstools (D:1)
430 creatures vanquished.

Grand Total: 1760 creatures vanquished

Notes
Turn   | Place    | Note
--------------------------------------------------------------
     0 | D:1      | Haza, the Vampire Air Elementalist, began the quest for the Orb.
     0 | D:1      | Reached XP level 1. HP: 13/13 MP: 4/4
   462 | D:1      | Reached XP level 2. HP: 11/19 MP: 0/5
  1478 | D:2      | Reached XP level 3. HP: 24/24 MP: 4/7
  1681 | D:2      | Reached skill level 1 in Conjurations
  2054 | D:2      | Noticed Ijyb
  2079 | D:2      | Killed Ijyb
  2079 | D:2      | Reached XP level 4. HP: 21/30 MP: 1/8
  3301 | D:3      | Reached XP level 5. HP: 33/35 MP: 2/10
  4034 | D:3      | Reached skill level 4 in Air Magic
  4207 | D:3      | Noticed Crazy Yiuf
  4495 | D:3      | Killed Crazy Yiuf
  4797 | D:3      | Reached XP level 6. HP: 37/41 MP: 11/13
  5381 | D:4      | Noticed foonesh's ghost (experienced DEWz)
  6147 | D:3      | Reached skill level 1 in Stabbing
  6508 | D:4      | Noticed Edmund
  6575 | D:4      | Found a snail-covered altar of Cheibriados.
  6580 | D:5      | Entered Level 5 of the Dungeon
  6580 | D:5      | Found a staircase to the Ecumenical Temple.
  6691 | Temple   | Entered the Ecumenical Temple
  6907 | D:5      | Reached XP level 7. HP: 41/46 MP: 10/15
  7487 | D:5      | HP: 2/46 [goliath beetle (25)]
  8698 | D:5      | Found a gateway to a ziggurat.
  8752 | D:5      | Reached skill level 5 in Dodging
  9150 | D:4      | Reached skill level 1 in Evocations
  9851 | D:5      | Reached XP level 8. HP: 21/52 MP: 15/18
 10622 | D:6      | Reached skill level 1 in Staves
 10639 | D:6      | Noticed Sigmund
 11227 | D:6      | Killed Sigmund
 11829 | D:6      | Got a thick robe
 11836 | D:6      | Identified the cursed -3 robe "Toev" {rF++} (You found it on level 6 of the Dungeon)
 11897 | D:6      | Found a glowing golden altar of the Shining One.
 11969 | D:6      | Reached skill level 5 in Air Magic
 12440 | D:7      | Found Dauhiu's Weapon Shop.
 12453 | D:7      | Found Ankulus' Distillery.
 12467 | D:7      | Reached skill level 6 in Dodging
 12485 | D:7      | Found Xepn's Book Shoppe.
 12493 | D:7      | Bought a book of Minor Magic for 220 gold pieces
 12515 | D:7      | Learned a level 3 spell: Mephitic Cloud
 12518 | D:7      | Learned a level 2 spell: Slow
 12521 | D:7      | Learned a level 2 spell: Blink
 12524 | D:7      | Learned a level 2 spell: Call Imp
 13086 | D:7      | Reached skill level 1 in Hexes
 13771 | D:7      | Reached skill level 1 in Fighting
 13771 | D:7      | Reached skill level 1 in Traps
 13975 | D:7      | Noticed foonesh's ghost (experienced DEWz)
 14320 | D:8      | Reached skill level 1 in Poison Magic
 14320 | D:8      | Reached XP level 9. HP: 52/58 MP: 15/20
 14361 | D:8      | Noticed an ice statue
 15571 | D:8      | Learned a level 3 spell: Confuse
 15809 | D:8      | Found Shriti's Distillery.
 15904 | D:8      | Reached skill level 1 in Summonings
 15904 | D:8      | Reached skill level 1 in Translocations
 16409 | D:8      | Identified a +0 rod of the swarm (11/11) (You found it on level 8 of the Dungeon)
 17347 | D:7      | Killed foonesh's ghost
 17347 | D:7      | Reached skill level 5 in Stealth
 17761 | D:4      | Killed foonesh's ghost
 17781 | D:4      | Noticed Dowan
 18061 | D:4      | Noticed Duvessa
 18080 | D:4      | Killed Duvessa
 18257 | D:4      | Killed Dowan
 18677 | D:4      | Killed Edmund
 18677 | D:4      | Reached skill level 5 in Spellcasting
 19499 | D:9      | Reached XP level 10. HP: 59/65 MP: 12/22
 20922 | D:9      | Found a basalt altar of Yredelemnul.
 20981 | D:9      | Found a sparkling altar of Nemelex Xobeh.
 20990 | D:9      | Became a worshipper of Nemelex Xobeh
 20993 | D:9      | Received a gift from Nemelex Xobeh
 24580 | D:9      | Reached skill level 7 in Dodging
 26217 | D:10     | Entered Level 10 of the Dungeon
 26318 | D:10     | Acquired Nemelex Xobeh's first power
 26569 | D:10     | Reached skill level 5 in Conjurations
 26940 | D:10     | Paralysed by you for 4 turns
 27090 | D:10     | Reached XP level 11. HP: 72/72 MP: 24/24
 27309 | D:11     | Found a staircase to the Orcish Mines.
 27331 | D:11     | Noticed foonesh's ghost (experienced DEWz)
 27855 | D:11     | Killed foonesh's ghost
 27855 | D:11     | Reached skill level 5 in Hexes
 27891 | D:11     | Received a gift from Nemelex Xobeh
 28358 | D:10     | Noticed a four-headed hydra
 28392 | D:10     | Killed a four-headed hydra
 28710 | D:11     | Noticed foonesh's ghost (powerful DEWz)
 29308 | Temple   | Acquired Nemelex Xobeh's second power
 29317 | Temple   | Learned a level 2 spell: Repel Missiles
 29321 | Temple   | Learned a level 2 spell: Swiftness
 29515 | D:12     | Noticed a hill giant
 29524 | D:12     | Killed a hill giant
 29628 | D:12     | Found a staircase to the Lair.
 29762 | D:12     | Acquired Nemelex Xobeh's third power
 30162 | D:13     | Noticed Josephine
 30508 | D:12     | Noticed Erica
 30542 | D:12     | Killed Erica
 30634 | D:12     | Noticed a hill giant
 30647 | D:12     | Killed a hill giant
 30647 | D:12     | Reached skill level 5 in Traps
 30790 | D:12     | Received a gift from Nemelex Xobeh
 31581 | Orc:1    | Entered Level 1 of the Orcish Mines
 31598 | Orc:1    | Reached skill level 1 in Maces & Flails
 31616 | Orc:1    | Acquired Nemelex Xobeh's fourth power
 32140 | Orc:1    | Received a gift from Nemelex Xobeh
 32146 | Orc:1    | Reached skill level 14 in Hexes
 32146 | Orc:1    | Reached skill level 10 in Evocations
 32146 | Orc:1    | Reached XP level 12. HP: 77/77 MP: 23/27
 32389 | Orc:2    | Found a roughly hewn altar of Beogh.
 32488 | Orc:1    | Acquired Nemelex Xobeh's fifth power
 32609 | Orc:1    | Received a gift from Nemelex Xobeh
 33035 | Orc:1    | Reached XP level 13. HP: 82/82 MP: 27/27
 33179 | Orc:2    | Received a gift from Nemelex Xobeh
 33542 | Orc:3    | Found a staircase to the Elven Halls.
 33745 | Orc:3    | Noticed Sonja
 33757 | Orc:3    | Killed Sonja
 33930 | Orc:4    | Entered Level 4 of the Orcish Mines
 33955 | Orc:4    | Received a gift from Nemelex Xobeh
 34340 | Elf:1    | Entered Level 1 of the Elven Halls
 34527 | Orc:3    | Received a gift from Nemelex Xobeh
 34544 | Elf:1    | Noticed Fannar
 34545 | Elf:1    | Killed Fannar
 35271 | D:11     | Learned a level 5 spell: Fulminant Prism
 36077 | D:11     | Killed foonesh's ghost
 36588 | Lair:1   | Entered Level 1 of the Lair of Beasts
 36598 | Lair:1   | Noticed Joseph
 36807 | Lair:1   | Killed Joseph
 37705 | Lair:1   | Received a gift from Nemelex Xobeh
 37765 | Lair:1   | Found a shattered altar of Ashenzari.
 37772 | Lair:1   | Reached XP level 14. HP: 78/89 MP: 13/29
 38907 | Lair:2   | Received a gift from Nemelex Xobeh
 40380 | Lair:2   | Reached skill level 1 in Charms
 41296 | Lair:3   | Found a staircase to the Swamp.
 41375 | Lair:3   | Received a gift from Nemelex Xobeh
 41619 | Lair:3   | Noticed Rupert
 41622 | Lair:3   | Received a gift from Nemelex Xobeh
 41625 | Lair:3   | Killed Rupert
 42156 | Lair:3   | Received a gift from Nemelex Xobeh
 42771 | Lair:4   | Found a labyrinth entrance.
 42781 | Lab      | Entered a labyrinth
 43171 | Lab      | Got a slimy iron amulet
 43193 | Lab      | Learned a level 6 spell: Poisonous Cloud
 43199 | Lab      | Identified the amulet of the Zebra {Spirit Dex+2 Acc+5} (You found it in a labyrinth)
 44715 | Lair:5   | Received a gift from Nemelex Xobeh
 45441 | Lair:5   | Received a gift from Nemelex Xobeh
 46353 | Lair:5   | Received a gift from Nemelex Xobeh
 47830 | Lair:5   | Reached skill level 5 in Fighting
 48142 | Lair:5   | Found a hole to the Spider Nest.
 48428 | Lair:5   | Received a gift from Nemelex Xobeh
 49027 | Lair:5   | Reached skill level 5 in Poison Magic
 51061 | Lair:7   | Received a gift from Nemelex Xobeh
 52708 | Lair:7   | Received a gift from Nemelex Xobeh
 52757 | Lair:7   | Reached XP level 15. HP: 88/97 MP: 18/30
 53179 | Lair:8   | Entered Level 8 of the Lair of Beasts
 53881 | Lair:8   | Received a gift from Nemelex Xobeh
 53908 | Lair:8   | Got a pair of crude boots
 53914 | Lair:8   | Identified the +0 pair of boots of Beogh's Pride {Dex+3 Int+1 Dam+4} (You found it on level 8 of the Lair of Beasts)
 54020 | Lair:8   | Found a viscous altar of Jiyva.
 54023 | Lair:8   | Found a staircase to the Slime Pits.
 54301 | Lair:8   | Received a gift from Nemelex Xobeh
 55135 | Lair:7   | Received a gift from Nemelex Xobeh
 55887 | Lair:8   | Reached skill level 5 in Translocations
 56542 | Lair:8   | Reached skill level 15 in Hexes
 56596 | Lair:8   | Received a gift from Nemelex Xobeh
 56829 | Lair:8   | Reached skill level 10 in Stealth
 56911 | Lair:8   | Received a gift from Nemelex Xobeh
 57731 | Lair:8   | Received a gift from Nemelex Xobeh
 57813 | Lair:8   | Got a jewelled buckler
 57817 | Lair:8   | Identified the +1 buckler of Lies {rF+ Dex+1 Curse} (You found it on level 8 of the Lair of Beasts)
 58622 | Orc:2    | Noticed Gastronok
 59686 | Orc:2    | Received a gift from Nemelex Xobeh
 59695 | Orc:2    | Killed Gastronok
 60345 | Orc:3    | Received a gift from Nemelex Xobeh
 60763 | Orc:4    | Received a gift from Nemelex Xobeh
 61147 | Orc:4    | Noticed an orc warlord
 61544 | Elf:1    | Got a pitted battleaxe
 61545 | Elf:1    | Identified the battleaxe of the Lamprey {freeze, +Rage rN+ MR Stlth+} (You found it on level 1 of the Elven Halls)
 61620 | Elf:1    | Received a gift from Nemelex Xobeh
 61823 | Elf:1    | Noticed Roxanne
 63467 | Elf:1    | Reached skill level 10 in Conjurations
 63939 | Elf:1    | Received a gift from Nemelex Xobeh
 64034 | Elf:2    | Paralysed by a potion of paralysis for 2 turns
 64038 | Elf:2    | Received a gift from Nemelex Xobeh
 64937 | Lair:2   | Learned a level 4 spell: Summon Elemental
 67041 | Elf:2    | Reached skill level 5 in Charms
 67397 | Elf:3    | Entered Level 3 of the Elven Halls
 67639 | Elf:3    | Received a gift from Nemelex Xobeh
 67978 | Elf:3    | Fruitarian: i really like your vampire^^
 68008 | Elf:3    | Fruitarian: never play Vp..
 68027 | Elf:3    | Received a gift from Nemelex Xobeh
 68142 | Elf:3    | Found a deep blue altar of Sif Muna.
 68420 | Elf:3    | Noticed Nikola
 68430 | Elf:3    | Killed Nikola
 68448 | Elf:3    | Cast into the Abyss (deep elf sorcerer)
 68469 | Abyss:1  | Received a gift from Nemelex Xobeh
 68568 | Abyss:1  | Noticed a kraken
 68684 | Abyss:1  | Noticed a bone dragon
 69164 | Abyss:1  | Noticed a tentacled starspawn
 69199 | Abyss:1  | Noticed a tentacled starspawn
 69340 | Elf:3    | Escaped the Abyss
 69783 | Elf:3    | Reached XP level 16. HP: 78/108 MP: 31/31
 70262 | Elf:3    | Received a gift from Nemelex Xobeh
 70268 | Elf:3    | Reached skill level 1 in Shields
 70945 | Elf:3    | Reached skill level 1 in Armour
 71089 | Elf:3    | Received a gift from Nemelex Xobeh
 71722 | D:13     | Noticed Ratslayer's ghost (powerful DECj)
 72199 | D:13     | Killed Josephine
 72857 | Orc:3    | Received a gift from Nemelex Xobeh
 72861 | Orc:3    | Killed an orc warlord
 72886 | Orc:4    | Found Kheoren's Book Shop.
 73213 | Orc:4    | Found Iptoec's Antique Armour Shoppe.
 73490 | Orc:4    | Found Ugag's Antique Weapon Emporium.
 73671 | Orc:4    | Received a gift from Nemelex Xobeh
 73681 | Orc:4    | Found Guepikat's General Store.
 74085 | Orc:4    | Received a gift from Nemelex Xobeh
 75064 | Spider:1 | Entered Level 1 of the Spider Nest
 75361 | Spider:1 | Received a gift from Nemelex Xobeh
 77057 | Spider:1 | Received a gift from Nemelex Xobeh
 77343 | Elf:3    | Received a gift from Nemelex Xobeh
 77582 | Elf:3    | Received a gift from Nemelex Xobeh
 77595 | Elf:3    | Reached skill level 10 in Air Magic
 78090 | Elf:3    | Received a gift from Nemelex Xobeh
 78091 | Elf:3    | Noticed a deep elf blademaster
 78091 | Elf:3    | Cast into the Abyss (deep elf sorcerer)
 78091 | Abyss:1  | Found a corrupted altar of Lugonu.
 78285 | Elf:3    | Escaped the Abyss
 78285 | Elf:3    | Noticed a deep elf blademaster
 78286 | Elf:3    | Demolished by a deep elf blademaster

Action                   |  1- 3 |  4- 6 |  7- 9 | 10-12 | 13-15 | 16-18 || total
-------------------------+-------+-------+-------+-------+-------+-------++-------
Melee: Unarmed           |    87 |    12 |       |       |    29 |    15 ||   143
       Dagger            |    30 |    17 |       |       |       |       ||    47
       Halberd           |       |    10 |       |       |       |       ||    10
       Quarterstaff      |       |    15 |   262 |   142 |    25 |     3 ||   447
       Club              |       |       |       |     2 |       |       ||     2
       Scimitar          |       |       |       |    10 |       |    17 ||    27
       Great mace        |       |       |       |       |     7 |       ||     7
       Staff             |       |       |       |       |    16 |     3 ||    19
       Executioner's axe |       |       |       |       |     2 |       ||     2
 Cast: Shock             |    82 |   153 |   329 |   288 |  1124 |   144 ||  2120
       Blink             |       |       |     1 |     2 |     7 |     2 ||    12
       Slow              |       |       |     1 |     2 |     1 |     1 ||     5
       Call Imp          |       |       |    75 |   259 |     1 |       ||   335
       Mephitic Cloud    |       |       |    14 |    87 |    44 |     1 ||   146
       Confuse           |       |       |     2 |    15 |   165 |    14 ||   196
       Fulminant Prism   |       |       |       |       |   175 |    11 ||   186
       Repel Missiles    |       |       |       |       |    18 |     8 ||    26
       Swiftness         |       |       |       |       |     1 |       ||     1
       Poisonous Cloud   |       |       |       |       |   118 |    71 ||   189
       Summon Elemental  |       |       |       |       |     7 |       ||     7
Invok: Peek at Two       |       |       |       |     2 |    21 |     6 ||    29
       Draw One          |       |       |       |       |    36 |     7 ||    43
 Abil: Bat Form          |       |     7 |    12 |     9 |    39 |     5 ||    72
       End Transformatio |       |     7 |    12 |     9 |    39 |     4 ||    71
       Bottle Blood      |       |       |    14 |    10 |    30 |     7 ||    61
Evoke: Wand              |       |     1 |    22 |     6 |     5 |       ||    34
       Rod               |       |       |    10 |    49 |    20 |       ||    79
       Deck              |       |       |       |    34 |   132 |    44 ||   210
  Use: Potion            |     3 |     3 |    19 |     6 |    27 |     4 ||    62
       Scroll            |     1 |    10 |     5 |     7 |    14 |     1 ||    38
 Stab: Sleeping          |       |     3 |     3 |       |       |       ||     6
       Confused          |       |     1 |     7 |     7 |     1 |       ||    16
       Petrifying        |       |       |     1 |       |       |       ||     1
       Paralysed         |       |       |     5 |     3 |       |       ||     8
       Distracted        |       |       |     2 |     1 |       |       ||     3
